 Dungeon Crawl Stone Soup version 0.19.5 (webtiles) character file.

119 straycat the Charmwright (level 4, -4/34 HPs)
             Began as a Vampire Skald on May 13, 2017.
             Killed by divine providence
             ... invoked by an orc priest
              (17 damage)
             ... on level 3 of the Dungeon.
             The game lasted 00:29:36 (4306 turns).

straycat the Charmwright (Vampire Skald)            Turns: 4306, Time: 00:29:37

Health: -4/34      AC:  4    Str: 11    XL:     4   Next: 73%
Magic:  2/7        EV: 12    Int: 14    God:
Gold:   122        SH:  0    Dex: 14    Spells: 1 memorised, 7 levels left

rFire  . . .     SeeInvis +       - Unarmed
rCold  . . .     Gourm    .     a - +0 leather armour
rNeg   + . .     Faith    .     (no shield)
rPois  .         Spirit   .     (no helmet)
rElec  .         Reflect  .     A - +0 cloak
rCorr  .         Harm     .     (no gloves)
MR     .....                    (no boots)
Stlth  ++........               (no amulet)
                                (no ring)
                                (no ring)

@: no status effects
A: fangs 3, see invisible, unbreathing
a: Bat Form


You were on level 3 of the Dungeon.
You were not thirsty.

You visited 1 branch of the dungeon, and saw 3 of its levels.

You collected 122 gold pieces.

Inventory:

Hand Weapons
 e - a +1 whip of freezing
 f - a +0 club
 g - a +0 hunting sling
 i - a +0 mace
 j - a +0 dagger
Missiles
 l - 27 bolts
 n - 66 stones (quivered)
 o - 22 sling bullets
 u - 10 arrows
Armour
 a - a +0 leather armour (worn)
 d - a +0 leather armour
 h - a +0 ring mail
 r - a +0 leather armour
 t - a +0 robe
 v - a +0 scale mail
 A - a +0 cloak (worn)
 B - a cursed +0 robe
 C - a +0 leather armour
 E - a +0 scale mail
Jewellery
 p - an uncursed amulet of faith
Scrolls
 q - 2 scrolls of identify
 x - a scroll of teleportation {unknown}
 y - a scroll of amnesia
Potions
 c - 13 potions of blood
 k - 2 potions of curing {unknown}
 z - a potion of might {unknown}
Books
 b - a book of Battle

   Spells                             Type                      Level
   a - Infusion                       Charms                       1
   b - Shroud of Golubria             Charms/Translocation         2
   c - Song of Slaying                Charms                       2
   d - Spectral Weapon                Hexes/Charms                 3
   e - Regeneration                   Charms/Necromancy            3
Comestibles
 m - a beef jerky
 s - a bread ration
 w - 3 fruits
 D - a meat ration


   Skills:
 * Level 2.4 Fighting
 + Level 1.0 Throwing
 + Level 1.0 Armour
 * Level 2.1 Dodging
 + Level 2.1 Stealth
 * Level 2.9 Unarmed Combat
 + Level 2.5 Spellcasting
 + Level 3.6 Charms


You had 7 spell levels left.
You knew the following spells:

 Your Spells              Type           Power        Failure   Level  Hunger
a - Infusion              Chrm           ##..         10%         1    #......


Dungeon Overview and Level Annotations

Branches:
Dungeon (3/15)

Altars:


Innate Abilities, Weirdness & Mutations

You have razor-sharp teeth.
You have supernaturally acute eyesight. (SInv)
You can survive without breathing.


Message History

You hit the orc.
The orc is severely wounded.
The orc hits you but does no damage.
You hit the orc.
You kill the orc!
You closely miss the orc priest.
The orc priest hits you but does no damage.
You barely miss the orc priest. The orc priest closely misses you.
You hit the orc priest.
The orc priest is lightly wounded.
The orc priest closely misses you.
You completely miss the orc priest.
The orc priest is lightly wounded.
The orc priest hits you with a dagger.
You hit the orc priest. You bite the orc priest.
The orc priest is severely wounded.
The orc priest calls down the wrath of Beogh upon you.
Beogh smites you!
Ouch! That really hurt!
You die...

### ##.###.##[ ###
######### #........)
..#
#.......######(###.##.#
#.#
#.#####.....@o#.†...o.#
#.###.#
#.######.###o...#
......# #.# #.# #..
#.###.# #.# #.#
....#.#####.# #(#
....#.......# #.#
............# #.#
....#######.# #.# ....#
#.#


You could see an orc priest.

Vanquished Creatures
  4 adders (D:2)
  An ooze (D:2)
  3 worms
  3 orcs (D:3)
  4 giant cockroaches
  4 goblins (D:1)
  8 hobgoblins
  10 jackals
  A quokka (D:3)
  A ball python (D:2)
  9 bats
  A frilled lizard (D:3)
  5 kobolds
  9 rats
63 creatures vanquished.

Notes
Turn   | Place    | Note
-------+----------+-------------------------------------------
     0 | D:1      | straycat the Vampire Skald began the quest for the Orb.
     0 | D:1      | Reached XP level 1. HP: 16/16 MP: 3/3
   429 | D:1      | Reached skill level 1 in Stealth
   568 | D:1      | Reached XP level 2. HP: 22/22 MP: 5/5
  1347 | D:1      | Reached skill level 1 in Armour
  1781 | D:2      | Reached XP level 3. HP: 18/27 MP: 4/6
  3263 | D:2      | Reached XP level 4. HP: 29/33 MP: 2/7
  3887 | D:3      | Reached skill level 1 in Throwing
  4306 | D:3      | Killed from afar by an orc priest

Skill      XL: |  1  2  3  4 |
---------------+-------------+-----
Stealth        | 1 2 |  2.1
Fighting       | 2 |  2.4
Armour         | 1 |  1.0
Dodging        | 2 |  2.1
Throwing       | 1 |  1.0
Unarmed Combat | |  2.9
Spellcasting   | |  2.5
Charms         | |  3.6

Action                   |  1- 3 |  4- 6 || total
-------------------------+-------+-------++-------
Melee: Unarmed           |   154 |    89 ||   243
       Bite              |     9 |     9 ||    18
       Punch             |     1 |     1 ||     2
Throw: Stone             |    20 |    28 ||    48
 Cast: Infusion          |    24 |    15 ||    39
  Use: Potion            |     8 |     3 ||    11
       Scroll            |     5 |       ||     5
 Stab: Sleeping          |     1 |     1 ||     2
Armor: Leather armour    |    45 |    18 ||    63
Dodge: Dodged            |    83 |    57 ||   140
